 Dungeon Crawl Stone Soup version 0.23.2 (webtiles) character file.

Game seed: 969357846453709763

86 Menchi the Sneak (level 4, 0/27 HPs)
             Began as a Kobold Assassin on Apr 11, 2019.
             Slain by a gnoll
             ... wielding a +0 club
              (5 damage)
             ... on level 3 of the Dungeon.
             The game lasted 00:03:26 (2310 turns).

Menchi the Sneak (Kobold Assassin)                  Turns: 2310, Time: 00:03:27

Health: 0/27       AC:  3    Str:  8    XL:     4   Next: 77%
Magic:  4/4        EV: 21    Int: 12    God:
Gold:   62         SH:  0    Dex: 22    Spells: 3/3 levels left

rFire    . . .     SeeInvis .   a - +2 dagger
rCold    . . .     Gourm    .   (shield restricted)
rNeg     . . .     Faith    .   c - +0 robe
rPois    .         Spirit   .   (no helmet)
rElec    .         Reflect  .   d - +0 cloak
rCorr    .         Harm     .   (no gloves)
MR       .....                  (no boots)
Stlth    +++++.....             (no amulet)
HPRegen  0.09/turn              (no ring)
MPRegen  0.09/turn              (no ring)

@: agile
A: small, carnivore
a: no special abilities


You were on level 3 of the Dungeon.
You were completely stuffed.

You visited 1 branch of the dungeon, and saw 3 of its levels.

You collected 62 gold pieces.

Inventory:

Hand Weapons
 a - a +2 dagger (weapon)
 b - a +0 blowgun
Missiles
 e - 8 poisoned needles
 f - 2 curare-tipped needles
Armour
 c - a +0 robe (worn)
 d - a +0 cloak (worn)
Scrolls
 j - a scroll of enchant weapon {unknown}
 m - 3 scrolls of identify {unknown}
 n - a scroll of remove curse {unknown}
 q - a scroll of enchant armour {unknown}
Potions
 h - 2 potions of curing
 k - 2 potions of brilliance {unknown}
 l - a potion of flight {unknown}
 o - a potion of invisibility {unknown}
 p - a potion of heal wounds {unknown}
Comestibles
 g - 4 rations
 r - 2 chunks of flesh


   Skills:
 + Level 2.6 Fighting
 + Level 3.5 Short Blades
 - Level 2.1 Throwing
 * Level 2.6 Dodging
 + Level 6.6 Stealth


You had 3 spell levels left.
You didn't know any spells.
Your spell library was empty.

Dungeon Overview and Level Annotations

Branches:
Dungeon (3/15)

Altars:
Ashenzari
Qazlal
Uskayaw
Yredelemnul


Innate Abilities, Weirdness & Mutations

You are small and have problems with some larger weapons.
You are carnivorous and can eat meat at any time.


Message History

You kill the leopard gecko!
You hit the gnoll but do no damage.
The gnoll is lightly wounded.
The gnoll closely misses you.
You hit the gnoll.
The gnoll is moderately wounded.
The gnoll misses you.
You completely miss the gnoll.
The gnoll is moderately wounded.
You hit the gnoll.
The gnoll is severely wounded.
The gnoll closely misses you.
You hit the gnoll.
The gnoll is severely wounded.
The gnoll hits you with a +0 club.
* * * LOW HITPOINT WARNING * * *
You hit the gnoll.
The gnoll is almost dead.
The gnoll hits you with a +0 club.
You die...

## #####.## .. #......
.# #.##)## .# #.##.#
..######.# ##.##.##
.......########...#...
#.............#[...#
#g#########...#..# #@#
##.##... #.# ##.###.#
#.#########.># #
#....)....(.##
###########.# #...
#..#.. #... ## #....


You could see a gnoll.

Vanquished Creatures
  3 adders (D:2)
  2 gnolls (D:3)
  An ooze (D:2)
  3 dart slugs
  A leopard gecko (D:3)
  A ball python (D:1)
  A giant cockroach (D:1)
  3 goblins
  2 hobgoblins
  5 bats
  4 frilled lizards
  3 kobolds
  3 rats
32 creatures vanquished.

Notes
Turn   | Place    | Note
-------+----------+-------------------------------------------
     0 | D:1      | Menchi the Kobold Assassin began the quest for the Orb.
     0 | D:1      | Reached XP level 1. HP: 12/12 MP: 1/1
    87 | D:1      | Reached XP level 2. HP: 17/17 MP: 2/2
   960 | D:2      | Reached skill level 6 in Stealth
  1018 | D:2      | Reached XP level 3. HP: 22/22 MP: 3/3
  1471 | D:2      | Found a basalt altar of Yredelemnul.
  1471 | D:2      | Found a faded altar of an unknown god.
  1476 | D:2      | Found a faded altar of an unknown god.
  1478 | D:2      | Found a stormy altar of Qazlal.
  1480 | D:2      | Found a hide-covered altar of Uskayaw.
  1576 | D:2      | Found a shattered altar of Ashenzari.
  1610 | D:2      | Reached XP level 4. HP: 18/27 MP: 4/4
  2310 | D:3      | Slain by a gnoll

Skill      XL: |  1  2  3 |
---------------+----------+-----
Dodging        | 2 |  2.6
Stealth        | 6 |  6.6
Short Blades   | 3 |  3.5
Fighting       | |  2.6
Throwing       | |  2.1

Action                   |  1- 3 |  4- 6 || total
-------------------------+-------+-------++-------
Melee: Dagger            |    70 |    46 ||   116
  Use: Potion            |       |     2 ||     2
 Stab: Sleeping          |     6 |     2 ||     8
  Eat: Chunk             |     9 |     4 ||    13
Armor: Robe              |    12 |     4 ||    16
Dodge: Dodged            |    42 |    33 ||    75
